[Event "ESP-ch U2000 2024"]
[Site "Albacete"]
[Date "2024.08.31"]
[Round "8.7"]
[White "Duller Llopis, Jouke"]
[Black "Martino Girones, Gonzalo"]
[Result "1/2-1/2"]
[ECO "D12"]
[WhiteElo "1928"]
[BlackElo "1903"]
[Annotator "TA"]
[PlyCount "54"]
[EventDate "2024.08.27"]
[EventType "swiss"]
[EventCountry "ESP"]
[SourceTitle "playchess.com"]
[Source "ChessBase"]
[SourceQuality "1"]
[TimeControl "5400+30"]

1. d4 d5 2. c4 c6 3. Nf3 Nf6 4. e3 Bf5 5. Bd3 Bg6 6. O-O e6 7. Nc3 Nbd7 8. Qe2 Ne4 9. Nd2 Ndf6 10. f3 Nxd2 11. Bxd2 dxc4 12. Bxc4 Be7 13. Be1 O-O 14. Rd1 b5 15. Bb3 a6 16. Bf2 Re8 17. Bc2 Qc7 {[%emt 0:02:14] The position is equal.} 18. Bxg6 hxg6 19. e4 c5 20. dxc5 Bxc5 21. Bxc5 Qxc5+ 22. Qf2 Rac8 23. Qxc5 Rxc5 24. Kh1 Kh8 25. Kg1 Kg8 26. Kh1 Kh8 27. Kg1 Kg8 {[%emt 0:00:05] Weighted Error Value: White=0.08 (flawless) /Black=0.10 (very precise) .  Inaccurate:     	White=2     	Black=2      OK:         	White=8     	Black=6} 1/2-1/2

[Event "ESP-ch U2000 2024"]
[Site "Albacete"]
[Date "2024.08.31"]
[Round "8.8"]
[White "Marquez Leon, Juan Antonio"]
[Black "Izuzquiza Gonzalez, Javier"]
[Result "1-0"]
[ECO "A46"]
[WhiteElo "1916"]
[BlackElo "2002"]
[Annotator "NA RC"]
[PlyCount "157"]
[EventDate "2024.08.27"]
[EventType "swiss"]
[EventCountry "ESP"]
[SourceTitle "playchess.com"]
[Source "ChessBase"]
[SourceQuality "1"]
[TimeControl "5400+30"]

1. d4 Nf6 2. Nf3 d6 3. c3 c6 4. Qc2 Nbd7 5. Bf4 Qc7 6. h3 e5 7. Bh2 Be7 8. Nbd2 b5 9. e3 O-O 10. a4 Rb8 11. axb5 cxb5 12. Bd3 a6 13. O-O Bb7 14. Ne4 Nd5 15. Ned2 h6 16. Be4 Rfc8 17. Qb3 Qc6 18. Qxd5 Qxd5 19. Bxd5 Bxd5 20. dxe5 dxe5 21. Nxe5 Nxe5 22. Bxe5 Rb6 23. Bd4 Rg6 24. e4 Bb7 25. f3 Kf8 26. Rfd1 Rd8 27. Kf2 Bh4+ 28. Kf1 Be7 29. Nb3 Ke8 30. Bc5 Bh4 31. Nd4 Bf6 32. Nf5 Be5 33. Bb4 Bc8 34. Rxd8+ Kxd8 35. Rd1+ Kc7 36. Ba5+ Kb7 37. Ne7 Rd6 38. Rxd6 Bxd6 39. Nxc8 Kxc8 40. Ke2 Kd7 41. Bb4 Be5 42. Ke3 g6 43. f4 Bf6 44. Bc5 Kc6 45. Bd4 Bh4 46. g4 Kd7 47. Bg7 h5 48. g5 Ke6 49. Bd4 Be1 50. Kd3 Kd6 51. Be3 Bh4 52. Kd4 Bg3 53. Kd3 Be1 54. Kc2 Kc6 55. Kb3 Bg3 56. Kc2 Be1 57. Kd1 Bg3 58. Ke2 Kd6 59. Bd2 Kc6 60. Kf3 Bh4 61. f5 Kd6 62. Bf4+ Kc6 63. Ke3 Be1 64. Kd4 b4 65. c4 b3 66. Be3 a5 67. c5 a4 68. Kc4 Ba5 69. fxg6 fxg6 70. e5 Be1 71. e6 Ba5 72. Bd4 Bd2 73. Bf6 Ba5 74. e7 Kd7 75. Kb5 a3 76. bxa3 Bd2 77. c6+ Ke8 78. c7 Kd7 79. c8=Q+ 1-0

[Event "ESP-ch U2000 2024"]
[Site "Albacete"]
[Date "2024.08.31"]
[Round "8.9"]
[White "Murillo Lopez, Francisco"]
[Black "Conde Chamizo, Pablo"]
[Result "1-0"]
[ECO "B36"]
[WhiteElo "1925"]
[BlackElo "1936"]
[Annotator "TA"]
[PlyCount "95"]
[EventDate "2024.08.27"]
[EventType "swiss"]
[EventCountry "ESP"]
[SourceTitle "playchess.com"]
[Source "ChessBase"]
[SourceQuality "1"]
[TimeControl "5400+30"]

1. e4 c5 2. Nf3 g6 3. d4 cxd4 4. Nxd4 Nc6 5. c4 Nf6 6. Nc3 Bg7 7. Be3 Qb6 8. Nb3 Qd8 9. Be2 O-O {[%emt 0:01:31] White is slightly better.} 10. O-O d6 11. Qd2 Re8 12. Rad1 b6 13. Nd4 Bb7 14. f3 Rc8 15. b3 Qc7 16. Ndb5 Qb8 17. Nd5 Nxd5 18. cxd5 (18. Qxd5 $2 Nd4 $19) 18... Ne5 19. Nd4 Rc7 20. f4 Nd7 21. Nb5 Rcc8 22. Bg4 Red8 23. Rc1 Rxc1 24. Rxc1 Nf6 25. Bf3 Rc8 26. Rxc8+ Bxc8 27. Qc2 Bg4 28. Kf2 Bxf3 {[%emt 0:01:02] Black is on the road to losing.} ({Better is} 28... Bd7 $14 29. Nd4 e6) 29. Kxf3 $16 Nd7 (29... a6 $16 {keeps fighting.} 30. Qc7 Qe8) 30. Qc6 $18 (30. Qc7 $6 Qxc7 31. Nxc7 f5 32. exf5 gxf5) 30... Nf6 {[%emt 0:04:03] [#]} 31. g4 $1 {[%emt 0:02:05] g5 would now be deadly.} a6 (31... h6 {was necessary.} 32. g5 hxg5) 32. Nc7 (32. Qxb6 $2 Qxb6 33. Bxb6 axb5 $19) 32... Qc8 33. Qa8 {[%emt 0:00:36] Active counter play!} (33. Qxb6 $2 {loses.} Qxg4+ 34. Kf2 Nxe4+ 35. Kf1 h5 $19) 33... Qxa8 34. Nxa8 {[%emt 0:00:09][%mdl 4096] Endgame. KBN-KBN} b5 (34... Nd7 {might work better.} 35. Nxb6 (35. Bxb6 Bc3 $18) 35... Nxb6) 35. Nc7 Nd7 36. Nxa6 Bc3 37. Nc7 b4 38. Nb5 g5 39. Bd4 (39. fxg5 Ne5+ 40. Ke2 Bb2) 39... Bd2 40. fxg5 Bxg5 41. Na7 e6 42. Nc6 exd5 (42... Bd2 $142 43. Ke2 Bf4 44. Nxb4 Bxh2) 43. exd5 {[%emt 0:00:38] White is clearly winning.} Bd2 44. Ke2 Bf4 45. h3 Kf8 46. Nxb4 Ke8 47. Kf3 Bd2 48. Nc6 {[%emt 0:00:20] Weighted Error Value: White=0.11 (very precise) /Black=0.29 (precise) .  Mistake:       	---       	Black=5      Inaccurate:     	White=2     	Black=2      OK:         	White=19    	Black=13     Best:        	White=1     	---} 1-0

[Event "ESP-ch U2000 2024"]
[Site "Albacete"]
[Date "2024.09.01"]
[Round "9.1"]
[White "Sierra Pena, Mario"]
[Black "Tarraga Navarro, Pablo"]
[Result "0-1"]
[ECO "A15"]
[WhiteElo "1971"]
[BlackElo "1968"]
[Annotator "TA"]
[PlyCount "48"]
[EventDate "2024.08.27"]
[EventType "swiss"]
[EventCountry "ESP"]
[SourceTitle "playchess.com"]
[Source "ChessBase"]
[SourceQuality "1"]
[TimeControl "5400+30"]

1. c4 Nf6 2. g3 e6 3. Nf3 d5 4. b3 b6 5. Bg2 Bb7 6. O-O Be7 7. Bb2 Nbd7 8. d3 O-O 9. Nbd2 c5 10. cxd5 exd5 11. d4 Re8 12. Rc1 {[%emt 0:02:30] The position is equal.} Rc8 13. Rc2 h6 14. a3 Bd6 15. Re1 Ne4 16. Nf1 (16. dxc5 $14 Bxc5 17. e3) 16... Qe7 17. Ne3 $2 {[%emt 0:07:31] [#]} (17. N3d2 $11) 17... Nxf2 $1 $19 18. Nf5 Nxd1 19. Nxe7+ Rxe7 20. Rxd1 Rce8 {[%emt 0:01:33] Black is more active.} (20... Nf6 $142 {And now ...Ng4 would win.} 21. Rdc1 Ba6 22. dxc5 Bxc5+ (22... bxc5 23. Bxf6 gxf6 24. Nh4 $17) 23. Kh1 Rce8 (23... Rxe2 24. Rxe2 Bxe2 25. Bxf6 $18) (23... Bxe2 24. Bxf6 gxf6 25. b4 $16) 24. Bxf6 gxf6) 21. Rdd2 (21. dxc5 $17 Bxc5+ (21... bxc5 22. Nh4 $15) 22. Kf1) 21... Nf6 22. Ne5 {[%emt 0:00:57] Prevents Ng4} (22. dxc5 $17 {keeps fighting.} Bxc5+ 23. Nd4) 22... Bxe5 {[%emt 0:05:21] Black has a decisive advantage.} 23. dxe5 {[%emt 0:00:08] [#]} Ng4 24. Bxd5 Bxd5 {[%emt 0:00:19] Weighted Error Value: White=0.61/Black=0.22 (precise) .  Loses game:     	White=1     	---        Mistake:       	White=3     	Black=1      Inaccurate:     	White=1     	Black=2      OK:         	White=5     	Black=2      Brilliant:      	---       	Black=1} (24... Nxe5 25. Bxb7 Rxb7 26. h3 $19) 0-1

[Event "ESP-ch U2000 2024"]
[Site "Albacete"]
[Date "2024.09.01"]
[Round "9.2"]
[White "Perez Travieso, Saul"]
[Black "Salazar Romero, Abel"]
[Result "0-1"]
[ECO "E19"]
[WhiteElo "1933"]
[BlackElo "1937"]
[Annotator "TA"]
[PlyCount "96"]
[EventDate "2024.08.27"]
[EventType "swiss"]
[EventCountry "ESP"]
[SourceTitle "playchess.com"]
[Source "ChessBase"]
[SourceQuality "1"]
[TimeControl "5400+30"]

1. d4 Nf6 2. Nf3 e6 3. g3 b6 4. Bg2 Bb7 5. c4 Be7 6. O-O O-O 7. Nc3 Ne4 8. Qc2 Nxc3 9. Qxc3 Bf6 10. Qc2 {[%emt 0:01:58][%cal Of3g5] Threatens to win with Ng5!} Nc6 11. Rd1 d5 12. cxd5 exd5 {[%emt 0:02:16] White is slightly better.} 13. Bf4 Re8 14. a3 {[%emt 0:01:06] Prevents Nb4} (14. Rac1 $16) 14... h6 15. h4 Qd7 {[%emt 0:03:07] [#]} 16. e4 dxe4 $17 17. Ne5 Bxe5 (17... Nxe5 $2 18. dxe5 Qe7 19. exf6 Qxf6 20. Qxc7 $18 (20. Bxc7 Rac8 $18)) (17... Nxd4 $2 18. Nxd7 Nxc2 19. Nxf6+ (19. Rac1 Bd4 $16) 19... gxf6 20. Rac1 $18) 18. dxe5 Nd4 19. Rac1 (19. e6 $17 {is a better defense.} Rxe6 (19... Nxc2 $2 20. exd7 Nxa1 21. dxe8=B $18) 20. Qxc7 Ne2+ 21. Kf1 Qxc7 22. Bxc7) 19... Rad8 20. Qxc7 (20. e6 {was necessary.} Qxe6 21. Qxc7 Ne2+ 22. Kh2) 20... Ne2+ 21. Kf1 Qxc7 (21... Nxc1 $2 22. Rxd7 Ba6+ 23. Kg1 $18) 22. Rxc7 {[%emt 0:00:04] [#]} Nxf4 $1 (22... Rxd1+ 23. Kxe2 Rg1 24. Rxb7 $16) 23. Rxd8 Ba6+ (23... Rxd8 24. gxf4 Bd5 25. Bh3 $18 (25. Rxa7 Rc8 $16)) 24. Kg1 Ne2+ ({Inferior is} 24... Rxd8 25. gxf4 Bd3 26. Bh3 $16 (26. Rxa7 g5 $16)) 25. Kh2 Rxd8 26. Rxa7 (26. Bxe4 {was forced.} Bd3 27. Bxd3 Rxd3 28. Rxa7) 26... Bd3 $19 27. Ra4 b5 28. Ra7 Re8 29. f4 (29. Bh3 $142) 29... exf3 30. Bxf3 Rxe5 31. Rd7 Bc4 32. Rd2 Nc1 33. Bd1 Nb3 34. Rd8+ Kh7 35. Rd7 g6 36. h5 gxh5 37. Rd6 Kg7 38. Rb6 Nd4 {[%emt 0:01:07] ...Re1 is the strong threat.} 39. a4 Bb3 40. Bxb3 Nxb3 41. Rxb5 Rxb5 {[%emt 0:00:06] Black mates.} 42. axb5 {[%emt 0:00:03] KN-K3P} Kg6 43. Kh3 Kg5 44. b6 Nc5 45. b3 f5 (45... Nxb3 $2 {is the wrong capture.} 46. b7 Nd4 47. b8=Q $18 (47. b8=B Nf3 $15)) 46. b4 Nb7 47. b5 Nd8 48. Kg2 Kg4 {[%emt 0:00:05] White got outplayed after the opening.   Weighted Error Value: White=0.68/Black=0.23 (precise) .  Mistake:       	White=6     	---        Inaccurate:     	White=2     	Black=4      OK:         	White=9     	Black=10     Best:        	White=1     	Black=6      Strong:       	---       	Black=1} 0-1

[Event "ESP-ch U2000 2024"]
[Site "Albacete"]
[Date "2024.09.01"]
[Round "9.3"]
[White "Penarrubia Blasco, Jose Alfredo"]
[Black "Perez Gonzalez, Daniel"]
[Result "0-1"]
[ECO "B15"]
[WhiteElo "1891"]
[BlackElo "1981"]
[Annotator "TA"]
[PlyCount "101"]
[EventDate "2024.08.27"]
[EventType "swiss"]
[EventCountry "ESP"]
[SourceTitle "playchess.com"]
[Source "ChessBase"]
[SourceQuality "1"]
[TimeControl "5400+30"]

1. e4 c6 2. d4 d5 3. Nc3 dxe4 4. Nxe4 Nf6 5. Ng3 h5 6. h4 Bg4 7. Be2 Bxe2 8. N1xe2 e6 9. Bg5 Bd6 {[%emt 0:13:00] White is slightly better.} 10. c3 Qc7 11. Qd2 Nbd7 12. Nf4 Nb6 13. b3 {[%emt 0:01:15] Inhibits Nc4.} Nbd5 14. Nfe2 Nd7 15. Qd3 Nf4 16. Nxf4 Bxf4 17. Bxf4 Qxf4 18. Qe4 Qd6 19. O-O O-O-O 20. a4 (20. Qf3 $11 Nf6 21. Rae1) 20... Rdg8 (20... g5 $15) 21. f4 Nf6 22. Qe2 Qd8 23. Qe1 Rh6 24. b4 Qd5 25. b5 c5 26. dxc5 Qxc5+ 27. Qf2 Qxf2+ (27... Qxc3 $2 28. Qxa7 Rg6 29. Ne2 $18) 28. Kxf2 Rg6 {[%emt 0:03:49] Black wants to play ...Rg4.} 29. Kf3 $1 Rg4 30. Nxh5 Rxh4 31. Ng3 (31. Nxf6 $11 {was the only way to keep the balance.} gxf6 32. Rh1) 31... g5 $17 32. Ne2 g4+ ({Better is} 32... gxf4 $17 {And now ...e5 would win.} 33. Nxf4 e5) 33. Kf2 $11 Rh2 34. Ng3 {[%emt 0:01:15] Repels Ne4+} Nd5 35. Ne2 Rd8 36. Rh1 Rxh1 37. Rxh1 $15 {[%emt 0:00:03][%mdl 4096] Endgame. KRN-KRN} Nf6 {[%emt 0:00:09] Dodges Rh7} 38. Rh6 Ne4+ 39. Ke3 Nc5 40. Rh7 $1 Rd3+ (40... Nxa4 $6 41. Rxf7 Rd5 42. Rg7 $14) 41. Kf2 f5 42. Rh6 (42. a5 $11 {remains equal.}) 42... g3+ (42... Nxa4 43. Rxe6 Nb2 (43... Nxc3 44. Nxc3 g3+ 45. Ke2 $11) 44. Nd4 $14) (42... a5 $17 {[%cal Oc8c7] White must now prevent ...Kc7!} 43. bxa6 bxa6 (43... Nxa4 $2 44. a7 $18)) 43. Ke1 $1 ({But not} 43. Nxg3 Rxc3 (43... Nxa4 44. Rxe6 Kd7 45. Rg6 $16) 44. Ne2 Ra3 $17) 43... Nxa4 44. Rxe6 Nxc3 45. Nxc3 Rxc3 {[%emt 0:00:01] KR-KR} 46. Re5 (46. b6 $17 axb6 47. Rxb6) 46... Rc2 $19 47. Kf1 $2 {[%emt 0:00:03] [#]} (47. Rxf5 Rxg2 48. Rc5+ Kb8 49. Rc3) 47... Rf2+ 48. Kg1 Rxf4 49. Re3 Rg4 50. Kf1 Rf4+ $2 {[%emt 0:00:58] [#]} (50... Kc7 $19 {Strongly threatening ...Rf4+.} 51. Rf3 Rg5) 51. Ke2 $2 {[%mdl 8192] Weighted Error Value: White=0.28 (precise) /Black=0.24 (precise) .  Loses game:     	White=1     	---        Missed win:     	---       	Black=1      Mistake:       	White=5     	Black=3      Inaccurate:     	White=6     	Black=5      OK:         	White=6     	Black=11     Best:        	White=2     	Black=5      Strong:       	White=3     	---} (51. Kg1 $11 Rb4 52. Rxg3) 0-1

[Event "ESP-ch U2000 2024"]
[Site "Albacete"]
[Date "2024.09.01"]
[Round "9.4"]
[White "Zubizarreta Landera, Denis"]
[Black "Sala Esquiva, Miguel"]
[Result "1-0"]
[ECO "E73"]
[WhiteElo "1919"]
[BlackElo "1967"]
[Annotator "TA"]
[PlyCount "105"]
[EventDate "2024.08.27"]
[EventType "swiss"]
[EventCountry "ESP"]
[SourceTitle "playchess.com"]
[Source "ChessBase"]
[SourceQuality "1"]
[TimeControl "5400+30"]

1. d4 Nf6 2. c4 g6 3. Nc3 Bg7 4. e4 d6 5. Be2 O-O 6. Bg5 e5 7. d5 Nbd7 8. Qd2 Nc5 9. f3 a5 10. g4 h6 11. Be3 $1 (11. Bxh6 $2 Nfxe4 12. Nxe4 Qh4+ 13. Kd1 Bxh6 $19) 11... Bd7 12. h4 (12. Bxh6 $2 Nfxe4 13. Nxe4 Qh4+ 14. Kd1 Bxh6 $19) 12... h5 13. Bg5 ({White should try} 13. g5 $16 Ne8 14. Nh3) 13... Kh7 $2 (13... hxg4 $11 14. h5 Qe8 (14... gxh5 15. O-O-O $16)) 14. gxh5 $16 gxh5 15. Bf1 (15. Nh3 $142) 15... a4 {[%emt 0:04:11] [#]} (15... Qe8 $16) 16. Nge2 $1 $18 Qe8 17. Ng3 Ng8 18. Nxh5 f5 19. Nxg7 Kxg7 20. O-O-O f4 21. Bh3 Nh6 $2 (21... Bxh3 {is tougher.} 22. Rxh3 Kh8) 22. Rdg1 Kh7 23. Qh2 (23. Bxh6 $142 Kxh6 24. Bxd7 Nxd7 25. Kc2) 23... a3 $2 (23... Bxh3 24. Bxh6 (24. Qxh3 Nd3+ 25. Kc2 Nf2 $16) 24... Kxh6) 24. b3 Qh5 (24... Bxh3 $142 25. Bxh6 (25. Qxh3 Nd3+ 26. Kc2 Nf2 $16) 25... Rg8 26. Qxh3 Kxh6) 25. Qe2 Bxh3 26. Rxh3 Rg8 27. Rh2 Rg7 28. Rhg2 Rf7 $2 (28... Nf7 29. Kc2 Rag8) 29. Kc2 c6 30. Rd1 {[%emt 0:00:28] Threatens to win with dxc6.} Rd7 31. Qf1 Rg8 32. Qf2 Rg6 33. Rh2 Kg8 (33... Na6 {was called for.} 34. Na4 Rc7) 34. Rg2 Kh7 35. Rb1 Na6 36. Rbg1 {[%emt 0:01:07] And now Bxh6 would win.} Nb4+ 37. Kb1 cxd5 $2 (37... Rdg7 38. Rf1 cxd5) 38. exd5 (38. Bxh6 $142 Rxh6 39. exd5 (39. Nxd5 Nxd5 40. cxd5 Qxh4 $18)) 38... b5 $2 (38... Nf5 39. Rg4 Ne3) 39. Nxb5 $2 (39. Bxh6 Rxh6 40. Qe2 (40. Nxb5 Qf5+ 41. Ka1 Rg6 $16) 40... Qf5+ 41. Ne4) 39... Ng8 $2 (39... Nf5 40. Nxa3 Ne3) 40. Qd2 Na6 41. Qe2 {[%emt 0:00:55][%cal Oe2c2] [#] Black must now prevent Qc2!} Nc5 42. Rg4 Nf6 43. Bxf6 Rxf6 44. Nc3 {[%emt 0:00:05] Qg2 is the strong threat.} Rb7 45. Qc2+ Kh6 (45... Qf5 $142 46. Qxf5+ Rxf5) 46. Rg8 {[%emt 0:00:13] White wants to mate with Rh8+.} e4 47. Nxe4 (47. Qg2 $142 Rff7 48. fxe4 (48. Nxe4 Qf5 $18) 48... Na4 49. Rh8+ (49. Nxa4 Rfe7 50. Rh8+ Rh7 51. Qg8 Qd1+ 52. Rxd1 Rxh8 53. Qxh8+ Kg6 54. Rg1+ Kf7 55. Rg7+ Kf6 56. Rg8+ Kf7 57. Qg7#) 49... Rh7 50. Qg8 (50. Nxa4 Rxh8 51. c5 f3 $14) (50. Rxh7+ Rxh7 51. Qg8 Nxc3+ 52. Ka1 Qd1+ 53. Rxd1 Rg7 54. Qh8+ Kg6 55. Rg1+ Kf7 56. Rxg7+ Kf6 57. Rh7+ Kg6 58. Qg7#) 50... Rxb3+ 51. axb3 (51. Ka1 Rb1+ 52. Rxb1 Rxh8 53. Qxh8+ Kg6 54. Rg1+ Kf7 55. Rg7+ Kf6 56. Rh7+ Kg6 57. Qg7#) 51... Nxc3+ 52. Ka1) 47... Nxe4 48. Qxe4 {[%emt 0:00:02] Threatening mate with Rh8+.} Rf5 49. Rh8+ Rh7 50. Rxh7+ Kxh7 51. Rg5 {[%emt 0:00:03] White mates.} Qxh4 52. Qxf5+ Kh8 53. Rh5+ {[%emt 0:00:01] Weighted Error Value: White=1.37/Black=0.85.  Mistake:       	White=4     	Black=10     Inaccurate:     	White=4     	Black=5      OK:         	White=8     	Black=7      Best:        	White=1     	---} 1-0

[Event "ESP-ch U2000 2024"]
[Site "Albacete"]
[Date "2024.09.01"]
[Round "9.5"]
[White "Sanjuan Garcia, Miguel"]
[Black "Pujante Martinez, Rafael"]
[Result "1/2-1/2"]
[ECO "C44"]
[WhiteElo "1963"]
[BlackElo "1903"]
[Annotator "TA"]
[PlyCount "214"]
[EventDate "2024.08.27"]
[EventType "swiss"]
[EventCountry "ESP"]
[SourceTitle "playchess.com"]
[Source "ChessBase"]
[SourceQuality "1"]
[TimeControl "5400+30"]

1. e4 e5 2. Nf3 Nc6 3. d4 exd4 4. Nxd4 Qf6 5. c3 Bc5 6. Be3 Qg6 7. f3 {[%emt 0:07:39] C45: Scotch Game.} Nf6 8. Nf5 Bxe3 9. Nxe3 O-O 10. Na3 $146 ({Predecessor:} 10. c4 d6 11. Nc3 Ne8 12. Bd3 Qg5 13. Qd2 Qc5 14. Ncd5 a5 15. Rc1 Ne5 16. Be2 {1-0 Kolev,A (2569)-Radulski,J (2508) BUL-chT 57th 2007 (4.2)}) 10... d5 11. exd5 Qg5 12. Nac2 Re8 13. Kf2 Ne7 14. c4 Nf5 15. Qc1 Nxe3 16. Nxe3 Qf4 17. Nc2 Qd6 18. g3 c6 19. dxc6 Qxc6 20. Bd3 b6 21. Qf4 Qc5+ 22. Kg2 Be6 23. b3 Rad8 24. Rad1 Qa5 25. Nd4 Nh5 26. Qd2 Qxd2+ 27. Rxd2 Bc8 28. Nc6 Rd7 29. Rhd1 g6 30. Kf2 Bb7 31. Nxa7 Red8 32. Nb5 Ng7 33. Nc3 Ne6 34. Ne4 Kg7 35. Ke3 Nd4 36. Bb1 Nf5+ 37. Kf4 Nd4 38. Ke3 Nf5+ 39. Kf2 Nd4 40. g4 f5 41. gxf5 gxf5 42. Ke3 fxe4 43. Bxe4 Bxe4 44. fxe4 Nc2+ 45. Ke2 Rxd2+ 46. Rxd2 Rxd2+ 47. Kxd2 Nd4 48. Ke3 Nc6 49. Kf4 Kf6 50. a3 Na5 51. e5+ Ke6 52. c5 b5 (52... Nxb3 53. cxb6 Na5 54. Kg5 $11) 53. b4 {[%emt 0:00:22] [#]} Nc6 $2 ({Black should try} 53... Nc4 $1 $19 54. c6 Nxa3 (54... Nxe5 $2 55. c7 $19)) 54. Kg5 $2 (54. h4 $11 Ne7 (54... Nxe5 $2 55. Kg5 $19) 55. h5) 54... Nxe5 55. h4 Nf7+ 56. Kf4 Ne5 57. Kg5 $1 Nf7+ 58. Kf4 $1 h6 59. Ke4 Ne5 60. h5 Ng4 61. Kd4 Nf6 62. c6 Nd5 $2 (62... Kd6 63. c7 Kxc7 64. Ke5 Nxh5 65. Ke6 Ng7+ 66. Ke5 h5 67. Ke4 Kc6 68. Ke3 Kd5 69. Kd3 h4 70. Ke2 h3 71. Kf2 Ne6 72. Kg3 Ng5 73. Kh2 Kd4 74. a4 bxa4 75. b5 Kc5 76. Kg1 Kxb5 (76... a3 77. Kf2 a2 78. b6 Kxb6 79. Kg3 a1=Q 80. Kf4 h2 81. Kxg5 h1=Q 82. Kf5 Qf3+ 83. Ke6 Qaf6+ 84. Kd7 Q3c6#) 77. Kf2 a3 78. Kg3 a2 79. Kg4 a1=Q (79... a1=B 80. Kg3 Be5+ 81. Kh4 h2 82. Kxg5 h1=Q 83. Kf5 Qd5 84. Kg4 Qe4+ 85. Kg5 Bd4 86. Kh5 Qf5+ 87. Kh6 Qg4 88. Kh7 Qg7#) (79... h2 80. Kxg5 a1=Q 81. Kf5 h1=Q 82. Kf4 Qd4+ 83. Kf5 Qh7+ 84. Kg5 Qdh4#) 80. Kf4 h2 81. Kxg5 h1=Q (81... h1=R 82. Kf5 Qd4 83. Ke6 Rf1 84. Ke7 Kc6 85. Ke8 Qd7#) 82. Kf5 Qf3+ (82... Qh5+ $2 83. Ke4 Qae5+ 84. Kd3 Qhe2#) 83. Ke6 Qaf6+ 84. Kd7 Q3c6#) 63. Kc5 $11 Nc7 64. a4 $2 (64. Kb6 $11 Kd6 65. Kb7) 64... bxa4 65. b5 a3 66. b6 Na6+ 67. Kb5 a2 68. Kxa6 a1=Q+ ({Worse is} 68... a1=B 69. c7 Kd7 70. Kb7 Kd6 71. c8=Q (71. c8=R Bb2 $18) 71... Kd5 72. Qc6+ Ke5 73. Ka6 (73. Qxh6 Ke4 74. Kc6 Bd4 75. Qe6+ Kd3 76. b7 Ba7 77. h6 Bb8)) 69. Kb7 Kd6 $2 (69... Qc3 {mates} 70. c7 Kd7 71. Ka7 Qc6 72. Ka6 Kc8 73. Ka5 Qc4 (73... Kb7 {is a self mate.} 74. Kb4 Kxb6 75. Ka3 Kb5 76. c8=Q Qxc8 77. Kb3 Qc4+ 78. Ka3 Qb4+ 79. Ka2 Ka4 80. Ka1 Kb3 81. Kb1 Qe1#) 74. b7+ Kxc7 75. b8=R Kxb8 76. Kb6 Qd5 77. Ka6 Kc7 78. Ka7 Qb7#) 70. c7 $11 Qh1+ 71. Kb8 Qc6 (71... Qxh5 $2 {too greedy.} 72. c8=Q $18 (72. c8=R $2 Qe5 $19)) 72. c8=Q Qxb6+ 73. Qb7 Qd8+ 74. Qc8 Qg5 75. Qe8 Qf4 76. Ka7 Qf6 77. Kb6 Qb2+ 78. Qb5 Qd4+ 79. Ka6 Qf6 80. Qe8 Kc7+ 81. Ka5 Qg5+ 82. Kb4 Kd6 83. Qg6+ Ke5 84. Qxg5+ hxg5 85. Kc3 Kf5 86. Kd3 $1 g4 87. Ke3 Kg5 88. h6 Kxh6 89. Kf4 Kh5 90. Kg3 Kg5 91. Kg2 Kh4 92. Kh2 Kh5 93. Kg3 Kg5 94. Kg2 Kf4 95. Kf2 g3+ 96. Kg2 Kg4 97. Kg1 Kh3 98. Kh1 Kh4 99. Kg2 Kg4 (99... Kg5 {simplifies} 100. Kxg3 Kf5 101. Kf3 Kg6) 100. Kg1 Kf3 (100... Kh4 $5) 101. Kf1 Ke3 102. Kg2 Kf4 103. Kg1 Kg5 (103... Ke3 $5) 104. Kg2 Kh4 (104... Kf4 $5) 105. Kg1 Kh3 (105... Kg4 $5) 106. Kh1 g2+ 107. Kg1 Kg3 1/2-1/2

[Event "ESP-ch U2000 2024"]
[Site "Albacete"]
[Date "2024.09.01"]
[Round "9.6"]
[White "Martin Cantizano, David"]
[Black "Duller Llopis, Jouke"]
[Result "1-0"]
[ECO "C00"]
[WhiteElo "1864"]
[BlackElo "1928"]
[Annotator "TA"]
[PlyCount "27"]
[EventDate "2024.08.27"]
[EventType "swiss"]
[EventCountry "ESP"]
[SourceTitle "playchess.com"]
[Source "ChessBase"]
[SourceQuality "1"]
[TimeControl "5400+30"]

1. e4 e6 2. Qe2 d5 3. exd5 Qxd5 4. Nc3 Qd8 5. d4 Qxd4 6. Nb5 Qb6 (6... Qc5 $11) 7. Bf4 (7. Qe5 $1 $14 Na6 8. Be3) 7... Na6 $1 $15 8. O-O-O {[%emt 0:10:49] Black is slightly better.} Bd7 9. Nf3 f6 {[%emt 0:03:40] [#]} (9... Bxb5 $11 10. Qxb5+ c6) 10. Qc4 $2 {[%emt 0:05:10] White is much more active.} (10. Rxd7 $1 $16 Kxd7 11. Qd2+ Kc8 12. Bc4) 10... e5 $2 {[%emt 0:08:17][%mdl 8192] [#] Loses the game.} (10... O-O-O $15 11. Nd6+ Bxd6 12. Rxd6 Qc5) 11. Rxd7 $1 $18 {[%emt 0:05:18][%mdl 512] White is clearly winning.} Kxd7 (11... Be7 12. Be3) 12. Qf7+ Be7 {[%emt 0:14:56] [#]} 13. Bc4 $1 Nc5 (13... Rd8 14. Be3) 14. Rd1+ {[%emt 0:00:23] Weighted Error Value: White=0.55/Black=0.48.  Loses game:     	---       	Black=1      Mistake:       	White=2     	Black=2      Inaccurate:     	---       	Black=1      OK:         	White=2     	---        Strong:       	---       	Black=1      Brilliant:      	White=1     	---} 1-0